 Dungeon Crawl Stone Soup version 0.29.1-2-gbd0b4ee654 (webtiles) character file.

Game seed: 8834811301163579512

39 Nerdsrcool the Magician (level 3, 0/25 HPs)
             Began as a Palentonga Hedge Wizard on Nov 2, 2022.
             Succumbed to an adder's poison
             ... on level 3 of the Dungeon on Nov 3, 2022.
             The game lasted 00:07:53 (2454 turns).

Nerdsrcool the Magician (Palentonga Hedge Wizard)   Turns: 2454, Time: 00:07:54

Health: 0/25       AC:  5    Str: 16 (17) XL:     3   Next: 28%
Magic:  1/2        EV:  9    Int: 13 (14) God:
Gold:   163        SH:  0    Dex:  8 (9)  Spells: 7/8 levels left

rFire   . . .      SeeInvis +   h - +2 mace (antimagic)
rCold   . . .      Faith    .   (no shield)
rNeg    . . .      Spirit   .   e - +0 leather armour
rPois   .          Reflect  .   p - +0 helmet
rElec   .          Harm     .   (no cloak)
rCorr   .          Rampage  .   (no gloves)
Will    .....                   (no barding)
Stlth   +.........              (no amulet)
HPRegen 0.08/turn               (no ring)
MPRegen 0.08/turn               (no ring)

@: lethally poisoned (0 -> -5)
A: large, rugged brown scales 3, see invisible, deformed body, roll 1, armoured
tail
a: Rolling Charge


You were on level 3 of the Dungeon.
You visited 1 branch of the dungeon, and saw 3 of its levels.

You collected 163 gold pieces.

Inventory:

Hand Weapons
 a - a +0 dagger
 f - a +0 short sword
 h - a +2 antimagic mace (weapon)
 r - a +2 dagger of draining
Missiles
 g - 2 boomerangs
Armour
 b - a +0 robe
 c - a +0 hat
 e - a +0 leather armour (worn)
 k - a +0 scale mail
 p - a +0 helmet (worn)
Scrolls
 j - a scroll of immolation
 l - 2 scrolls of identify {unknown}
 m - a scroll of magic mapping {unknown}
 o - a scroll of summoning {unknown}
Potions
 d - a potion of magic
 q - a potion of heal wounds {unknown}


   Skills:
 + Level 1.9 Dodging
 + Level 1.5 Stealth
 + Level 3.2 Spellcasting
 + Level 1.3 Conjurations
 + Level 1.2 Summonings
 + Level 1.4 Translocations


You had 7 spell levels left.
You knew the following spells:

 Your Spells              Type           Power      Damage    Failure   Level
a - Magic Dart            Conj           20%        1d4       16%         1

Your spell library contained the following spells:

 Spells                   Type           Power      Damage    Failure   Level
 Foxfire                  Conj/Fire      12%        2x1d4     22%         1
 Blink                    Tloc           10%        N/A       22%         2
 Call Imp                 Summ           5%         N/A       26%         2
 Slow                     Hex            8%         N/A       28%         1
 Conjure Flame            Conj/Fire      3%         6-21      54%         3
 Mephitic Cloud           Conj/Pois/Air  3%         N/A       56%         3
 Inner Flame              Hex/Fire       2%         N/A       63%         3
 Flame Wave               Conj/Fire      3%         2d5       91%         4
 Cause Fear               Hex            1%         N/A       95%         4
 Summon Forest            Summ/Tloc      2%         N/A       99%         5
 Eringya's Noxious Bog    Tmut/Pois      1%         N/A       100%        6
 Summon Hydra             Summ           2%         N/A       100%        7
 Discord                  Hex            1%         N/A       100%        8


Dungeon Overview and Level Annotations

Branches:
Dungeon (3/15)

Altars:

Annotations:
D:3 Robin


Innate Abilities, Weirdness & Mutations

You are completely covered in rugged brown scales. (AC +3, +7% HP)
You have supernaturally acute eyesight. (SInv)
Armour fits poorly on your strangely shaped body.
You can roll at nearby foes to attack.
You have a long armoured tail.


Message History

The adder is heavily wounded.
The adder bites you.
A hobgoblin comes into view.
The adder bites you but does no damage.
Your magical contamination has completely faded away.
You closely miss the adder.
The hobgoblin shouts!
Your tail-slap misses the adder.
The adder is heavily wounded.
The adder closely misses you. The adder bites you.
You closely miss the adder.
The adder is heavily wounded.
The adder bites you. The hobgoblin barely misses you.
You closely miss the adder.
The adder is heavily wounded.
The adder bites you.
You are poisoned.
The adder poisons you! The adder barely misses you.
The hobgoblin hits you but does no damage.
You hit the adder.
The adder is severely wounded.
You feel sick. The adder bites you.
You are lethally poisoned!
The adder poisons you! The hobgoblin closely misses you.
The adder barely misses you.
You closely miss the adder.
The adder is severely wounded.
* * * LOW HITPOINT WARNING * * *
You feel sick. The adder bites you but does no damage.
The hobgoblin hits you but does no damage. x2
The adder bites you.
* * * LOW HITPOINT WARNING * * *
You barely miss the adder.
The adder is severely wounded.
* * * LOW HITPOINT WARNING * * *
You feel sick. The adder barely misses you. The hobgoblin barely misses you.
The adder completely misses you.
You closely miss the adder.
The adder is severely wounded.
You die...

#.#######.# #
#.......gg# #>
..................
#.##
###.#########.####
#... .. ... .....
#.# #..########.
... ##........'.
.. ..#@S#####.
#.#g.......
#.#.#####.#
#..........
#...######.
#......# #..###.#
#..# # #..###.#


You could see an adder and a hobgoblin.

Vanquished Creatures
  An adder (D:2)
  2 dart slugs (D:2)
  5 ball pythons
  3 bats
  3 endoplasms
  4 goblins
  2 kobolds (D:2)
  3 frilled lizards
  2 rats
25 creatures vanquished.

Notes
Turn   | Place    | Note
-------+----------+-------------------------------------------
     0 | D:1      | Nerdsrcool the Palentonga Hedge Wizard began the quest for
                  | the Orb.
     0 | D:1      | Reached XP level 1. HP: 13/13 MP: 4/4
   482 | D:1      | Reached skill level 1 in Conjurations
   540 | D:1      | Reached skill level 1 in Summonings
   560 | D:1      | Reached XP level 2. HP: 20/20 MP: 0/6
   816 | D:1      | Found a faded altar of an unknown god.
   874 | D:1      | You fall into a shaft and drop 1 floor!
  1361 | D:2      | Reached XP level 3. HP: 10/25 MP: 0/7
  2165 | D:3      | Identified the +0 helmet of the Boiling Point {rElec rCorr
                  | Dex+2}
  2165 | D:3      | Noticed Robin
  2454 | D:3      | Succumbed to an adder's poison

Illustrated notes

Levels and vault maps discovered:
D:1:      dpeg_arrival_simpleton_b, layout_loops_ring,
          dilly_ecumenical_altar_fadedgnrine
D:2:      layout_loops_ring
D:3:      layout_basic, grunt_temple_overflow_lords_of_destruction,
          ebering_ghost_disaster_area, uniq_robin

Skill      XL: |  1 |
---------------+----+-----
Conjurations   | 1 |  1.3
Summonings     | 1 |  1.2
Dodging        | |  1.9
Stealth        | |  1.5
Spellcasting   | |  3.2
Translocations | |  1.4

Action                   || total
-------------------------++-------
Melee: Mace              ||    46
       Tailslap          ||     1
 Cast: Magic Dart        ||    31
  Use: Scroll            ||     2
       Potion            ||     1
Armor: Leather armour    ||    32
Dodge: Dodged            ||    40
